 Dungeon Crawl Stone Soup version 0.28.0-43-g3370ac3207 (webtiles) character file.

Game seed: 309712549916626135

42135 smarlow the Thaumaturge (level 14, -7/105 HPs)
             Began as a Djinni Conjurer on Mar 5, 2022.
             Was a Priest of Makhleb.
             Mangled by a minotaur simulacrum (19 damage)
             ... in an ice cave.
             The game lasted 00:42:32 (20455 turns).

smarlow the Thaumaturge (Djinni Conjurer)          Turns: 20455, Time: 00:42:32

Health: -7/105     AC: 13    Str:  6    XL:     14   Next: 53%
Gold:   1221       EV: 18    Int: 25    God:    Makhleb [***...] SH:  9 Dex: 12

rFire   + + .      SeeInvis +   D - +6 hand axe of Disharmony {elec, rC+}
rCold   . . .      Faith    .   (no shield)
rNeg    . . .      Spirit   .   Q - +4 troll leather armour
rPois   ∞          Reflect  +   y - +0 helmet
rElec   .          Harm     .   M - +1 cloak {Will+}
rCorr   .          Rampage  .   (no gloves)
Will    ++...      Clarity  +   (boots unavailable)
Stlth   +++.......              i - amulet of reflection
HPRegen 1.07/turn               I - ring of see invisible
MPRegen 0.00/turn               e - +4 ring of evasion

@: flying
A: sickness immunity, fire resistance 2, cold vulnerability 1, float, innate
caster, HP casting, extra vitality 1, large bone plates 1, clarity, sense
surroundings 1, wild magic 1
a: Renounce Religion, Minor Destruction, Lesser Servant of Makhleb


You were in an ice cave.
You worshipped Makhleb.
Makhleb was most pleased with you.
You visited 2 branches of the dungeon, and saw 15 of its levels.
You also visited: Sewer, Ossuary and Ice Cave.

You collected 1221 gold pieces.

Inventory:

Hand Weapons
 o - a +3 short sword of draining
 D - the +6 hand axe of Disharmony (weapon) {elec, rC+}
   (You found it on level 6 of the Dungeon)

   It occasionally discharges a powerful burst of electricity upon striking a
   foe.
   rC:        It protects you from cold.
Missiles
 b - a throwing net
Armour
 a - a +1 robe
 y - a +0 helmet (worn)
 M - a +1 cloak of willpower (worn)
 Q - a +4 troll leather armour (worn)
Jewellery
 d - a ring of willpower
 e - a +4 ring of evasion (right hand)
 i - an amulet of reflection (around neck)
 v - a ring of fire
 F - a ring of positive energy
 I - a ring of see invisible (left hand)
 J - a +4 ring of slaying
 R - an amulet of faith
Wands
 L - a wand of acid (16)
 N - a wand of paralysis (13)
 O - a wand of flame (20)
 P - a wand of iceblast (3)
 U - a wand of polymorph (8)
 V - a wand of charming (6)
Scrolls
 c - 4 scrolls of magic mapping
 j - 2 scrolls of torment
 l - a scroll of immolation
 p - a scroll of enchant weapon
 w - a scroll of silence
 x - 2 scrolls of fear
 z - 3 scrolls of noise
 A - a scroll of vulnerability
 E - a scroll of teleportation
 T - 3 scrolls of blinking
Potions
 f - 5 potions of heal wounds
 g - 3 potions of haste
 h - 3 potions of mutation
 k - 4 potions of might {unknown}
 m - 3 potions of flight {unknown}
 n - 3 potions of ambrosia {unknown}
 q - 6 potions of curing
 r - a potion of experience {unknown}
 s - 4 potions of magic {unknown}
 t - a potion of invisibility {unknown}
 u - 3 potions of cancellation {unknown}
 B - 4 potions of lignification {unknown}
 C - 3 potions of degeneration {unknown}
 G - a potion of resistance {unknown}
 H - 2 potions of attraction {unknown}
 K - 3 potions of brilliance {unknown}


   Skills:
 * Level 11.1 Fighting
 - Level 4.8 Axes
 + Level 7.7 Armour
 + Level 8.8 Dodging
 + Level 7.4 Stealth
 * Level 11.8 Spellcasting
 + Level 4.8 Invocations
 + Level 4.7 Evocations


You had 4 spell levels left.
You knew the following spells:

 Your Spells              Type           Power      Damage    Failure   Level
a - Magic Dart            Conj           100%       1d8       1%          1
b - Searing Ray           Conj           100%       2d8       1%          2
c - Dazzling Flash        Conj/Hex       100%       N/A       1%          3
d - Fulminant Prism       Conj/Hex       38%        3d18      1%          4
e - Iskenderun's Mystic   Conj/Tloc      77%        2d15      1%          4
f - Summon Small Mammal   Summ           100%       N/A       1%          1
g - Wereblood             Tmut           77%        N/A       1%          2
h - Lesser Beckoning      Tloc           77%        N/A       1%          3
i - Stone Arrow           Conj/Erth      100%       3d13      1%          3
j - Petrify               Tmut/Erth      77%        N/A       1%          4
k - Borgnjor's Vile Clut  Necr/Erth      38%        N/A       2%          5
Your spell library was empty.

Dungeon Overview and Level Annotations

Branches:
Dungeon (14/15)            Temple (1/1) D:7            Lair (0/6) D:11
    Orc (0/2) D:12          Sewer (visited)         Ossuary (visited)
  IceCv (1/1)
 Vaults: D:13-14

Altars:
Ashenzari
Cheibriados
Dithmenos
Elyvilon
Fedhas
Gozag
Hepliaklqana
Kikubaaqudgha
Makhleb
Nemelex Xobeh
Okawaru
Qazlal
Ru
Sif Muna
Trog
Uskayaw
Vehumet
Wu Jian
Xom
Yredelemnul
Zin
The Shining One

Shops:
D:7 *

Annotations:
D:3 3 runed translucent doors, croobank's ghost, amateur OpFE


Innate Abilities, Weirdness & Mutations

You are immune to sickness and miasma.
You are immune to poison.
Your flesh is very heat resistant. (rF++)
You are vulnerable to cold. (rC-)
You float through the air rather than walking.
You learn spells naturally, not from books.
Your magical power is your life essence.
You have superior vitality. (+4 MHP)
You are partially covered in large bone plates. (SH +4)
You possess an exceptional clarity of mind.
You passively map a small area around you.
Your spells are a little harder to cast, but a little more powerful.


Message History

The entropy weaver simulacrum is knocked back by the mystic blast.
The entropy weaver simulacrum slams into the ice covered rock wall!
The entropy weaver simulacrum is almost destroyed.
Casting: Iskenderun's Mystic Blast (mildly dangerous; 1% risk of failure)
Confirm with . or Enter, or press ? or * to list all spells.
You erupt in a blast of force!
The mystic blast hits the spriggan defender simulacrum!!
The spriggan defender simulacrum is severely damaged.
The spriggan defender simulacrum is knocked back by the mystic blast.
The mystic blast hits the entropy weaver simulacrum!
The entropy weaver simulacrum vaporises!
Makhleb accepts your kill.
You feel better.
You block the minotaur simulacrum's attack.
The minotaur simulacrum gores you! The minotaur simulacrum freezes you!!
Casting: Iskenderun's Mystic Blast (mildly dangerous; 1% risk of failure)
Confirm with . or Enter, or press ? or * to list all spells.
You erupt in a blast of force!
The mystic blast hits the spriggan defender simulacrum!!
The spriggan defender simulacrum vaporises!
Makhleb accepts your kill.
The mystic blast hits the minotaur simulacrum.
The minotaur simulacrum is lightly damaged.
The minotaur simulacrum is knocked back by the mystic blast.
The minotaur simulacrum slams into the ice covered rock wall!
The minotaur simulacrum is lightly damaged.
Casting: Iskenderun's Mystic Blast (mildly dangerous; 1% risk of failure)
Confirm with . or Enter, or press ? or * to list all spells.
You erupt in a blast of force!
The mystic blast hits the minotaur simulacrum!
The minotaur simulacrum is moderately damaged.
The minotaur simulacrum is knocked back by the mystic blast.
The minotaur simulacrum slams into the ice covered rock wall!
The minotaur simulacrum is heavily damaged.
The minotaur simulacrum hits you! The minotaur simulacrum freezes you!!!
* * * LOW HITPOINT WARNING * * *
The minotaur simulacrum gores you.
* * * LOW HITPOINT WARNING * * *
The minotaur simulacrum freezes you!!
You die...

** * , * , ,
,#####,* , * #
####...### * , * #
###..°.#...##* #
#....@####..### ,* #
#....Z#####..##.
....###*##...##..###
... * #..⌠..###..##
* .#* ##).[#.#.##.##
, #####
######.###.≈# ,,
#....### ######≈≈# *
,,#...### #≈≈#≈≈≈##
* ##....####≈≈≈###


You could see a minotaur simulacrum.

Vanquished Creatures
  Rupert (D:12)
  An azure jelly (D:14)
  2 blizzard demons (IceCv)
  A caustic shrike simulacrum (IceCv)
  A hydra (D:13)
  Erica (D:10)
  2 boulder beetles
  8 two-headed ogres
  3 death yaks (D:11)
  A death knight (D:11)
  Sonja (D:11)
  7 spriggan simulacra (IceCv)
  2 wizards
  An obsidian statue (IceCv)
  2 ugly things
  5 manticores
  2 cyclopes
  Maurice (D:8)
  2 gargoyles
  2 anaconda simulacra (IceCv)
  A kobold demonologist (D:12)
  4 ice devils (IceCv)
  6 trolls
  7 entropy weaver simulacra (IceCv)
  4 freezing wraiths
  A slime creature (D:9)
  2 hornets (D:9)
  4 wraiths
  3 wyverns
  6 yaks
  6 minotaur simulacra (IceCv)
  7 vampire mosquitoes
  A steam dragon (D:6)
  Edmund (D:6)
  2 harpy simulacra (IceCv)
  Duvessa (D:5)
  2 acid dragons
  A hydra simulacrum (IceCv)
  A water moccasin (D:9)
  An ettin simulacrum (IceCv)
  2 alligator simulacra (IceCv)
  10 orc warriors
  10 centaurs
  2 ogres
  2 necrophages
  2 phantoms
  2 elf zombies (Ossuary)
  6 kobold brigands
  4 bullfrogs
  A scorpion (D:4)
  4 deep troll simulacra (IceCv)
  2 water moccasin skeletons
  Dowan (D:5)
  10 killer bees
  2 lindwurm simulacra (IceCv)
  19 wights
  3 howler monkeys
  An electric eel (D:11)
  9 centaur zombies
  A crimson imp (D:11)
  2 hounds
  Crazy Yiuf (D:7)
  2 gnoll shamans
  2 human zombies (Ossuary)
  7 orc priests
  2 iguanas
  14 orc wizards
  A hound zombie (Ossuary)
  3 mummies (Ossuary)
  2 howler monkey zombies (D:9)
  15 gnolls
  9 adders
  8 river rats
  2 white imps
  2 ufetubi
  3 adder zombies (Ossuary)
  3 worms
  3 dart slugs
  57 orcs
  11 ball pythons
  6 endoplasms
  4 giant cockroaches
  2 gnoll zombies (Ossuary)
  8 goblins
  6 hobgoblins
  4 jackals (D:2)
  5 quokkas
  2 bats
  6 frilled lizards
  3 goblin zombies (Ossuary)
  2 hobgoblin zombies (Ossuary)
  3 jackal zombies (Ossuary)
  41 kobolds
  5 kobold zombies (Ossuary)
  2 orc zombies (Ossuary)
  A quokka zombie (Ossuary)
  19 rats
  4 rat zombies (Ossuary)
472 creatures vanquished.

Vanquished Creatures (others)
  39 fulminant prisms
  2 fungi (D:9)
  5 plants (D:9)
46 creatures vanquished.

Grand Total: 518 creatures vanquished

Notes
Turn   | Place    | Note
-------+----------+-------------------------------------------
     0 | D:1      | smarlow the Djinni Conjurer began the quest for the Orb.
     0 | D:1      | Reached XP level 1. HP: 15/15 MP: 0/0
   213 | D:1      | Reached XP level 2. HP: 20/21 MP: 0/0
   786 | D:1      | Reached XP level 3. HP: 24/25 MP: 0/0
   786 | D:1      | Learned a level 1 spell: Summon Small Mammal
   955 | D:2      | Found an iron altar of Okawaru.
  1048 | D:2      | Reached XP level 4. HP: 27/31 MP: 0/0
  1716 | D:2      | Reached XP level 5. HP: 32/35 MP: 0/0
  1716 | D:2      | Learned a level 2 spell: Wereblood
  1796 | D:2      | Reached skill level 5 in Spellcasting
  2365 | D:3      | Found an opulent altar of Gozag.
  2687 | D:3      | Reached XP level 6. HP: 27/40 MP: 0/0
  2949 | D:3      | Found a glowing drain.
  2953 | Sewer    | Entered a sewer
  4074 | D:3      | Found a runed translucent gate.
  4074 | D:3      | Found a runed translucent gate.
  4074 | D:3      | Found a runed translucent gate.
  4334 | D:3      | Found a faded altar of an unknown god.
  4841 | D:3      | Noticed croobank's ghost (amateur OpFE)
  4911 | D:4      | Reached XP level 7. HP: 41/45 MP: 0/0
  4911 | D:4      | Learned a level 3 spell: Lesser Beckoning
  5636 | D:4      | Reached XP level 8. HP: 42/50 MP: 0/0
  5739 | D:4      | Found a broken altar of Ashenzari.
  6283 | D:5      | Entered Level 5 of the Dungeon
  6299 | D:5      | Found a sand-covered staircase.
  6308 | Ossuary  | Entered an ossuary
  7705 | D:5      | Noticed Duvessa
  7941 | D:6      | Identified the +6 hand axe of Disharmony {elec, rC+}
  8066 | D:6      | Reached XP level 9. HP: 35/55 MP: 0/0
  8066 | D:6      | Learned a level 3 spell: Stone Arrow
  8651 | D:6      | Noticed Edmund
  8661 | D:6      | Killed Edmund
  9647 | D:7      | Found Ilahyedu's Assorted Antiques.
  9884 | D:7      | Reached skill level 1 in Fighting
 10134 | D:7      | Found a staircase to the Ecumenical Temple.
 10142 | Temple   | Entered the Ecumenical Temple
 10353 | D:7      | Reached skill level 1 in Armour
 10356 | D:7      | Reached skill level 1 in Axes
 10596 | D:7      | Found a runed translucent door.
 10597 | D:7      | Noticed Crazy Yiuf
 11090 | D:7      | Killed Crazy Yiuf
 11332 | D:8      | Noticed Maurice
 11339 | D:8      | Killed Maurice
 11340 | D:8      | Reached XP level 10. HP: 36/67 MP: 0/0
 13279 | D:9      | Noticed a two-headed ogre
 13747 | D:5      | Reached skill level 5 in Fighting
 13752 | D:5      | Killed Duvessa
 13753 | D:5      | Noticed Dowan
 13755 | D:5      | Killed Dowan
 14593 | D:9      | Noticed a cyclops
 14607 | D:9      | Reached skill level 10 in Spellcasting
 14608 | D:9      | Killed a cyclops
 14609 | D:9      | Reached XP level 11. HP: 39/76 MP: 0/0
 14609 | D:9      | Learned a level 4 spell: Petrify
 14789 | D:9      | Noticed a cyan ugly thing
 14798 | D:9      | Found a broken altar of Ashenzari.
 14799 | D:9      | Noticed a two-headed ogre
 14801 | D:9      | Noticed a manticore
 14805 | D:9      | Killed a two-headed ogre
 14806 | D:9      | Reached skill level 5 in Dodging
 14811 | D:9      | Killed a manticore
 15018 | D:9      | Noticed a two-headed ogre
 15090 | D:9      | Noticed a boulder beetle
 15099 | D:9      | Noticed a two-headed ogre
 15104 | D:9      | Killed a two-headed ogre
 15153 | D:9      | Killed a cyan ugly thing
 15241 | D:9      | Killed a boulder beetle
 15242 | D:9      | Reached skill level 5 in Stealth
 15271 | D:9      | Killed a two-headed ogre
 15272 | D:9      | Reached skill level 5 in Armour
 15463 | D:9      | Noticed a two-headed ogre
 15473 | D:9      | Killed a two-headed ogre
 15474 | D:9      | Reached XP level 12. HP: 77/86 MP: 0/0
 15740 | D:9      | Found a blossoming altar of Fedhas.
 16009 | D:9      | Killed a two-headed ogre
 16209 | D:10     | Entered Level 10 of the Dungeon
 16217 | D:10     | Noticed a two-headed ogre
 16224 | D:10     | Killed a two-headed ogre
 16373 | D:10     | Noticed a two-headed ogre
 16379 | D:10     | Killed a two-headed ogre
 16461 | D:10     | Noticed Erica
 16472 | D:10     | Killed Erica
 16490 | D:10     | Found a burning altar of Makhleb.
 16495 | D:10     | Became a worshipper of Makhleb the Destroyer
 17182 | D:11     | Reached skill level 1 in Invocations
 17366 | D:11     | Noticed a death yak
 17367 | D:11     | Noticed a death yak
 17370 | D:11     | Noticed a death knight
 17377 | D:11     | Killed a death yak
 17378 | D:11     | Reached skill level 1 in Evocations
 17380 | D:11     | Noticed a death yak
 17461 | D:11     | Noticed Sonja
 17465 | D:11     | Killed Sonja
 17473 | D:11     | Killed a death knight
 17474 | D:11     | Reached XP level 13. HP: 30/94 MP: 0/0
 17474 | D:11     | Learned a level 5 spell: Borgnjor's Vile Clutch
 17565 | D:11     | Found a staircase to the Lair.
 17664 | D:11     | Reached * piety under Makhleb
 18220 | D:12     | Noticed Rupert
 18239 | D:12     | Killed Rupert
 18342 | D:12     | Noticed a boulder beetle
 18351 | D:12     | Killed a boulder beetle
 18673 | D:12     | Reached ** piety under Makhleb
 18846 | D:12     | Found a staircase to the Orcish Mines.
 19026 | D:12     | Reached skill level 10 in Fighting
 19174 | D:13     | Noticed an eight-headed hydra
 19177 | D:13     | Killed an eight-headed hydra
 19822 | D:14     | Gained mutation: You possess an exceptional clarity of
                  | mind. [potion of mutation]
 19822 | D:14     | Gained mutation: Your spells are a little harder to cast,
                  | but a little more powerful. [potion of mutation]
 19822 | D:14     | Gained mutation: You passively map a small area around you.
                  | [potion of mutation]
 19822 | D:14     | Gained mutation: You are partially covered in large bone
                  | plates. (SH +4) [potion of mutation]
 19874 | D:14     | Found a frozen archway.
 19874 | D:14     | Noticed an azure jelly
 19883 | D:14     | Killed an azure jelly
 19899 | IceCv    | Entered an ice cave
 19929 | IceCv    | Reached XP level 14. HP: 103/103 MP: 0/0
 19976 | IceCv    | Reached *** piety under Makhleb
 20023 | IceCv    | Identified the +0 pair of boots "Dooqin" {Str+3}
 20455 | IceCv    | Mangled by a minotaur simulacrum

Illustrated notes

Levels and vault maps discovered:
D:1:      onia_arrival_pentagram, layout_basic
D:2:      layout_basic, basic_altar
D:3:      layout_loops_corners, nicolae_gozag_seed_capital,
          gup_sewer_entry_spiral, gammafunk_ghost_necromancy,
          basic_ecumenical_altar, minmay_increasing_density
D:4:      layout_gridville, nicolae_ashenzari_skybound
D:5:      layout_layer_cave, enter_ossuary_1, kennysheep_generic_room_10,
          uniq_duvessa
D:6:      layout_basic, minmay_misc_feat_pillars, uniq_edmund
D:7:      layout_cave_pods, minmay_temple_entry_slanted, serial_shops,
          nicolae_shop_stone, uniq_crazy_yiuf_cottage
D:8:      layout_basic, uniq_maurice
D:9:      hangedman_cross_cluster, layout_layer_cave, fedhas_altar_3
D:10:     layout_basic, lightli_temple_of_fire, uniq_erica
D:11:     layout_basic, dpeg_lair_monsters, lightli_wizard_tower, uniq_sonja
D:12:     layout_grid_maze, david_orc_4, minmay_fountain_box, uniq_rupert
D:13:     layout_loops_ring
D:14:     layout_rooms, david_vaults_5, portal_ice_cave_entry_frozen_things,
          xom_redecorated, nicolae_two_hexagons, grunt_tough_drop, uniq_azrael,
          uniq_roxanne
Temple:   mainiacjoe_temple_coin_purse
IceCv:    ice_cave_caverns_01

Skill      XL: |  1  2  3  4  5  6  7  8  9 10 11 12 13 14 |
---------------+-------------------------------------------+-----
Spellcasting   | 4 5 6 7 8 9 10 11 | 11.8
Fighting       | 3 5 7 9 10 11 | 11.1
Armour         | 2 3 5 6 7 |  7.7
Axes           | 1 3 4 |  4.8
Stealth        | 2 4 5 6 7 |  7.4
Dodging        | 3 4 6 7 8 |  8.8
Invocations    | 2 4 |  4.8
Evocations     | 1 3 4 |  4.7

Action                   |  1- 3 |  4- 6 |  7- 9 | 10-12 | 13-15 || total
-------------------------+-------+-------+-------+-------+-------++-------
Melee: Short sword       |       |       |     5 |       |       ||     5
       Hand axe          |       |       |    14 |     4 |     5 ||    23
       Punch             |       |       |       |     1 |       ||     1
 Cast: Magic Dart        |    44 |   137 |   166 |     6 |     3 ||   356
       Searing Ray       |       |     8 |     2 |       |       ||    10
       Fulminant Prism   |       |     5 |     3 |    17 |    14 ||    39
       Wereblood         |       |     3 |     4 |    10 |     2 ||    19
       Iskenderun's Myst |       |     7 |    43 |    70 |    67 ||   187
       Summon Small Mamm |       |       |     3 |       |       ||     3
       Stone Arrow       |       |       |    66 |   163 |   168 ||   397
       Borgnjor's Vile C |       |       |       |       |     3 ||     3
  Use: Scroll            |       |     4 |     4 |     8 |     5 ||    21
       Potion            |       |     1 |       |     2 |     2 ||     5
Armor: Robe              |       |     4 |     4 |     3 |       ||    11
       Troll leather arm |       |       |       |     2 |    17 ||    19
Dodge: Dodged            |       |    28 |    42 |    25 |    39 ||   134
Block: Other             |       |     3 |    11 |    13 |    14 ||    41
       Reflection        |       |       |     1 |     7 |     4 ||    12
